 Dungeon Crawl Stone Soup version 0.31-a0-810-ga77100ea1a (webtiles) character file.

Game seed: 4858579062347098292

60 LeprechaunX the Changeling (level 4, 0/29 HPs)
             Began as an Octopode Shapeshifter on Sept 21, 2023.
             Succumbed to an orc's poison
             ... on level 3 of the Dungeon.
             The game lasted 00:01:42 (1723 turns).

LeprechaunX the Changeling (Octopode Shapeshifter)  Turns: 1723, Time: 00:01:43

Health: 0/29       AC:  1    Str: 15    XL:     4   Next: 6%
Magic:  4/4        EV: 13    Int: 12    God:
Gold:   152        SH:  4    Dex: 11    Spells: 3/3 levels left

rFire   . .          .
                       - Unarmed
rCold   . . .        (no shield)
rNeg    . . .        (helmet currently unavailable)
rPois   .            (no amulet)
rElec   .            (no ring)
rCorr   .            (no ring)
SInv    .            (no ring)
Will    .....        (no ring)
Stlth   ++           (no ring)
HPRegen 0.24/turn    (no ring)
MPRegen 0.09/turn    (no ring)
                     (no ring)

%: no passive effects
@: lethally poisoned (0 -> 0), beast-form
A: beast (slay +2), almost no armour, amphibious, 8 rings, camouflage 1,
gelatinous body 1, (nimble swimmer 1), tentacles, large bone plates 1
a: Begin Untransformation


You were on level 3 of the Dungeon.
You were a hulking beast.
You visited 1 branch of the dungeon, and saw 3 of its levels.

You collected 152 gold pieces.

Inventory:

Missiles
 e - 3 javelins (quivered)
Talismans
 b - a beast talisman (active)
 c - a flux talisman
 g - a storm talisman
Wands
 p - a wand of iceblast (11)
Scrolls
 d - a scroll of silence {unknown}
 k - 2 scrolls of vulnerability {unknown}
 l - 4 scrolls of teleportation {unknown}
 n - a scroll of acquirement {unknown}
 o - a scroll of identify {unknown}
Potions
 a - 3 potions of lignification
 f - a potion of mutation
 h - 2 potions of magic {unknown}
 i - a potion of curing {unknown}
 j - a potion of cancellation {unknown}
 m - a potion of attraction {unknown}
 q - a potion of enlightenment {unknown}
 r - a potion of heal wounds {unknown}


   Skills:
 + Level 1.9 Fighting
 - Level 2.2 Dodging
 + Level 3.4 Unarmed Combat
 * Level 3.8 Shapeshifting


You had 3 spell levels left.
You didn't know any spells.
Your spell library contained the following spells:

 Spells                   Type           Power      Damage    Failure   Level
 Summon Ice Beast         Ice/Summ       0%         N/A       97%         4
 Summon Mana Viper        Hex/Summ       0%         N/A       100%        5
 Monstrous Menagerie      Summ           0%         N/A       100%        7


Dungeon Overview and Level Annotations

Branches:
Dungeon (3/15)

Altars:
Vehumet


Innate Abilities, Weirdness & Mutations

You are a hulking beast.
Your limbs bulge with bestial killing power. (Slay +2)
You cannot wear most types of armour.
You are amphibious.
You can wear up to eight rings at the same time.
Your skin changes colour to match your surroundings (Stealth+).
Your rubbery body absorbs attacks. (AC +1, EV +1)
((You are camouflaged when in or above water. (Stealth+)))
You have tentacles for arms and can constrict up to eight enemies at once.
You are partially covered in large bone plates. (SH +4)


Message History

You closely miss the orc.
The orc shouts!
You grab the orc. You constrict the orc.
You feel very sick.
You hear a shout!
The orc barely misses you.
You tentacle-slap the orc.
You kill the orc!
You feel sick.
An orc comes into view. It is wielding a +0 short sword.
You feel sick.
An orc priest comes into view. It is wielding a +1 heavy flail.
The orc barely misses you.
Things that are here:
a +2 whip of venom; a +0 leather armour; an orc corpse The orc priest shouts!
You tentacle-slap the orc. Your grab misses the orc.
The orc is moderately wounded.
You feel sick. The orc misses you.
You closely miss the orc. You grab the orc.
The orc is moderately wounded.
You constrict the orc.
You feel sick. The orc closely misses you.
You tentacle-slap the orc.
You kill the orc!
You feel sick.
You have reached level 4!
You tentacle-slap the orc. You grab the orc.
The orc is heavily wounded.
You constrict the orc.
You feel sick. The orc misses you.
A worm comes into view.
You bludgeon the orc!
You kill the orc!
You feel sick.
The orc priest calls down the wrath of Beogh upon you.
Beogh smites you!
* * * LOW HITPOINT WARNING * * *
Unknown command.
It was a potion of mutation.
You feel extremely strange.
Large bone plates grow over parts of your tentacles.
You die...

.. #. ##.#############
##. . ....##........ ..
..# #.#.##......########
....#...........#......#
..w..<........<.#......#
#..o).....|..##.......
##h##.##..##.......
#####)##.##..##....[..
+.....................
##>...†..............†
##........####.......
#........# #.......
#........# #.......
#........# #.......
#....#.### #.......


You could see a worm and an orc priest.

Vanquished Creatures
  An adder (D:2)
  4 orcs (D:3)
  4 bats
  2 endoplasms
  4 giant cockroaches
  5 goblins
  6 hobgoblins
  2 jackals (D:1)
  7 ball pythons
  5 kobolds
  3 rats
43 creatures vanquished.

Notes
Turn   | Place    | Note
-------+----------+-------------------------------------------
     0 | D:1      | LeprechaunX the Octopode Shapeshifter began the quest for
                  | the Orb.
     0 | D:1      | Reached XP level 1. HP: 13/13 MP: 1/1
    74 | D:1      | You fall into a shaft and drop 1 floor!
   138 | D:1      | Reached XP level 2. HP: 7/18 MP: 2/2
   762 | D:1      | Reached XP level 3. HP: 23/23 MP: 3/3
  1150 | D:2      | Found a radiant altar of Vehumet.
  1721 | D:3      | Reached XP level 4. HP: 13/29 MP: 4/4
  1722 | D:3      | HP: 1/29 [orc priest/divine providence (10)]
  1723 | D:3      | Gained mutation: You are partially covered in large bone
                  | plates. (SH +4) [potion of mutation]
  1723 | D:3      | Succumbed to an orc's poison

Illustrated notes

Levels and vault maps discovered:
D:1:      wander_arrival_fairy_ring, layout_basic
D:2:      layout_basic, basic_altar, minmay_between
D:3:      layout_basic, nicolae_overflow_two_pavilions,
          mainiacjoe_overflow_24_doors, bloody_makhleb

Action                     |  1- 3 |  4- 6 || total
---------------------------+-------+-------++-------
  Melee: Unarmed           |    72 |     2 ||    74
         Constrict         |    22 |     1 ||    23
         Tentacles         |    13 |       ||    13
         Punch             |     1 |       ||     1
    Use: Potion            |       |     1 ||     1
   Stab: Sleeping          |     8 |       ||     8
 Armour: Skin              |    18 |       ||    18
  Dodge: Dodged            |    52 |     1 ||    53

Table legend: (Time is in decaauts)
 A = Elapsed time spent in this place.
 B = Non-inter-level travel time spent in this place.
 C = Inter-level travel time spent in this place.
 D = Time resting spent in this place.
 E = Time spent auto-exploring this place.
 F = Levels seen in this place.
 G = Mean time per level.
                   A        B        C        D        E       F      G
               +--------+--------+--------+--------+--------+-----+--------+
         Total |   1719 |   1688 |     31 |      0 |   1421 |   3 |  573.0 |
       Dungeon |   1719 |   1688 |     31 |      0 |   1421 |   3 |  573.0 |
               +--------+--------+--------+--------+--------+-----+--------+

Top non-repeatable levels by time:
     D:1: 870 daAuts
     D:2: 694 daAuts
     D:3: 154 daAuts
